Cogmind - Beta 14 @@@ ROGUE MODE // 2024.11.25 @ 21:35:15 Player: Komeiji O. Result: Destroyed by 2E-EB4(R) with Subdweller Laser Performance ------------- Evolutions (0) 0 Regions Visited (2) 400 Robots Destroyed (34) 170 Value Destroyed (782) 782 Prototype IDs (0) 0 Alien Tech Used (0) 0 Bonus (0) 0 TOTAL SCORE: 1352 Bonus ------- None Cogmind --------- Core Integrity 0/250 Matter 141/300 Energy 200/200 System Corruption 0% Temperature Cool (6) Movement Rolling (136) Ox3 Location -10/Subcaves Parts ------- > --- POWER (1) -------- Subdweller Power Source > --- PROPULSION (2) --- Armored Wheel Subdweller Monowheel > --- UTILITY (2) ------ Huge Storage Unit Makeshift Light Armor Plating > --- WEAPON (2) ------- Riot Gun Subdweller Beam Cannon > --- INVENTORY (25) --- Ion Engine Light Treads Light Treads Armored Wheel Subdweller Monowheel Subdweller Monowheel Subdweller Monowheel Heat Sink Cooling System Disposable Heat Sink Small Storage Unit Structural Scanner Improved Terrain Scanner ECM Suite Heavy Assault Rifle Heavy Assault Rifle Battle Rifle Subdweller Machine Gun Subdweller Machine Gun Barrage Gun Subdweller Shrapnel Launcher Subdweller Shrapnel Launcher Scrap Shield Fragment (47) Scrap Shield Fragment (46) Peak State ------------ > --- POWER ------------ Subdweller Power Source > --- PROPULSION ------- Armored Wheel Subdweller Monowheel > --- UTILITY ---------- Huge Storage Unit Makeshift Light Armor Plating > --- WEAPON ----------- Riot Gun Subdweller Beam Cannon > --- INVENTORY -------- Ion Engine Light Treads Light Treads Armored Wheel Subdweller Monowheel Subdweller Monowheel Subdweller Monowheel Heat Sink Cooling System Disposable Heat Sink Small Storage Unit Structural Scanner Improved Terrain Scanner ECM Suite Heavy Assault Rifle Heavy Assault Rifle Battle Rifle Subdweller Machine Gun Subdweller Machine Gun Barrage Gun Subdweller Shrapnel Launcher Subdweller Shrapnel Launcher Scrap Shield Fragment Scrap Shield Fragment [Rating: 20] Favorites ----------- Power Ion Engine Engine Ion Engine Propulsion Armored Wheel Treads Light Treads Wheel Armored Wheel Utility Huge Storage Unit Device Seismic Detector Storage Huge Storage Unit Hackware Hacking Suite Protection Medium Armor Plating Weapon Heavy Assault Rifle Energy Gun Medium Laser Energy Cannon Subdweller Beam Cannon Ballistic Gun Heavy Assault Rifle Ballistic Cannon Battle Cannon Launcher Subdweller Shrapnel Launcher Special Weapon Mining Laser Build | -11 -10 -10 ------- Run | Yrd Mat Sub Slots Evolved . | . . . Power . | . . . Propulsion . | . . . Utility . | . . . Weapon . | . . . Parts Attached 67 | 8 16 43 Power 5 | 1 2 2 Engine 5 | 1 2 2 Core . | . . . Reactor . | . . . Propulsion 8 | 2 4 2 Treads 1 | 1 . . Leg . | . . . Wheel 7 | 1 4 2 Hover . | . . . Flight . | . . . Utility 31 | 3 6 22 Device 14 | 2 2 10 Storage 4 | 1 3 . Processor . | . . . Hackware 1 | . . 1 Protection 12 | . 1 11 Artifact . | . . . Weapon 23 | 2 4 17 Energy Gun 5 | 2 1 2 Energy Cannon 1 | . . 1 Ballistic Gun 8 | . 2 6 Ballistic Cannon 3 | . . 3 Launcher 1 | . . 1 Special Weapon 5 | . 1 4 Impact Weapon . | . . . Slashing Weapon . | . . . Piercing Weapon . | . . . Special Melee Weapon . | . . . Unidentified Prototypes . | . . . Parts Lost 10 | . 1 9 Power 1 | . . 1 Propulsion 1 | . . 1 Utility 4 | . . 4 Weapon 4 | . 1 3 Highest Loss Streak 6 | . 1 6 To Critical Strikes . | . . . Average Slot Usage (%) 99 | . 99 99 Engine 13 | . 14 13 Wheel 27 | . 25 27 Device 9 | . 4 12 Storage 14 | . 14 14 Protection 4 | . 9 1 Energy Gun 5 | . 10 2 Energy Cannon 1 | . . 2 Ballistic Gun 14 | . 16 13 Ballistic Cannon 1 | . . 2 Special Weapon 4 | . . 6 Peak Build Rating 20 | 9 15 20 Average Rating 14 | 6 13 15 On Entrance 7 | . 8 13 Naked Turns . | . . . Heaviest Build 105 | 12 98 105 Greatest Support 32 | 16 24 32 Greatest Overweight (x) 7 | . 7 4 Average Overweight (x) 3 | . 4 3 Largest Inventory Capacity 25 | 8 25 25 Average Capacity 24 | 7 24 25 Most Carried 25 | 8 25 25 Average Carried 22 | 4 21 24 Final Capacity 25 | 8 25 25 Final Carried 25 | 8 25 24 Class Distribution -------------------- 100% | Mutant Dominant Class ---------------- Mutant | -10/Materials Mutant | -10/Subcaves Resources | -11 -10 -10 ----------- Run | Yrd Mat Sub Matter Collected 1124 | 270 295 559 Remotely . | . . . Salvage Created 726 | 82 447 197 Parts 68 | 7 39 22 Haulers Intercepted . | . . . Recyclers Shooed . | . . . Parts Field Recycled . | . . . Retrieved Matter . | . . . Parts Self-Destructed 6 | . . 6 Prevented . | . . . Kills | -11 -10 -10 ------- Run | Yrd Mat Sub Combat Hostiles Destroyed 25 | . 13 12 Guns 15 | . 13 2 Cannons 4 | . . 4 AOE 5 | . . 5 Classes Destroyed 8 | 1 5 2 Builder 1 | . 1 . Tunneler 4 | 4 . . Operator 1 | . 1 . Turret 1 | . . 1 Watcher 2 | . 2 . Swarmer 10 | . 6 4 Grunt 7 | . 7 . Subdweller 8 | . . 8 Best Kill Streak 6 | 2 3 6 Combat Bots Only 4 | . 3 4 Max Kills in Single Turn 4 | 1 1 4 Gunslinging . | . . . Exploded 4 | . . 4 Melee . | . . . Uniques/NPCs Destroyed . | . . . Combat | -11 -10 -10 -------- Run | Yrd Mat Sub Hostile Shots Fired 119 | . 42 77 Missed 34 | . 12 22 Damage Taken 1696 | . 379 1317 Core 257 | . 82 175 Absorbed by Shields . | . . . Core Remaining (%) 100 | 100 . . Volleys Fired 127 | 8 44 75 Largest 2 | 2 2 2 Hottest 130 | 90 100 130 Shots Fired 220 | 16 87 117 Gun 156 | 16 86 54 Cannon 32 | . . 32 Launcher 4 | . . 4 Special 28 | . 1 27 Kinetic 124 | . 50 74 Thermal 90 | 16 37 37 Explosive . | . . . Electromagnetic 6 | . . 6 Robot Hit Streak 20 | 3 8 20 Robot Miss Streak 3 | 2 3 3 Penetration Max . | . . . Secondary Targets . | . . . Shots Hit Robots 125 | 7 51 67 Core Hits 43 | 4 19 20 Critical Kills 1 | . . 1 Critical Parts Destroyed . | . . . Critical Strikes 5 | 1 1 3 Burn 2 | 1 1 . Meltdown 1 | . . 1 Destroy 1 | . . 1 Blast 1 | . . 1 Melee Attacks . | . . . Impact . | . . . Slashing . | . . . Piercing . | . . . Sneak Attacks . | . . . Combat Hostiles . | . . . Follow-up Attacks . | . . . Damage Inflicted 2470 | 83 763 1624 Guns 1591 | 83 763 745 Cannons 464 | . . 464 Explosions 415 | . . 415 Melee . | . . . Ramming . | . . . Kinetic 1981 | . 545 1436 Thermal 436 | 83 218 135 Explosive . | . . . Electromagnetic 53 | . . 53 Impact . | . . . Slashing . | . . . Piercing . | . . . Highest Corruption . | . . . Average Corruption . | . . . Corruption Purged . | . . . Corruption Blocked . | . . . Overload Shots . | . . . Overflow Damage . | . . . Projectiles . | . . . Explosions . | . . . Melee . | . . . Knockbacks 5 | . . 5 Impact . | . . . Kinetic 5 | . . 5 Secondary . | . . . Self-Inflicted Damage . | . . . Shots . | . . . Rammed . | . . . Targets Rammed . | . . . Kicked . | . . . Crushed . | . . . Highest Temperature 260 | 90 150 260 Average Temperature 51 | 33 48 85 Received Heat Transfer 930 | . 99 831 Siege Activations . | . . . Robots Corrupted . | . . . Combat Hostiles . | . . . Parts Fried 1 | . . 1 Impact Corruptions . | . . . Robots Melted 1 | . . 1 Combat Hostiles 1 | . . 1 Parts Melted 3 | 1 . 2 Heat Transferred 1198 | 309 704 185 Parts Sabotaged . | . . . Parts Stolen . | . . . Parts Stripped . | . . . Power Chain Reactions . | . . . Alert | -11 -10 -10 ------- Run | Yrd Mat Sub Peak Influence 226 | 20 226 . Initial 13 | . 13 . Average 88 | 7 95 . Maximum Alert Level 1 | . 1 . Low Security (%) 98 | 100 97 . Level 1 1 | . 2 . Level 2 . | . . . Level 3 . | . . . Level 4 . | . . . Level 5 . | . . . High Security . | . . . Max Security . | . . . Squads Dispatched 3 | . 3 . Investigation 1 | . 1 . Extermination . | . . . Reinforcement 2 | . 2 . Assault . | . . . Garrison . | . . . Intercept . | . . . Searches Triggered . | . . . Construction Impeded . | . . . Haulers Reinforced . | . . . Active Scanning Responses . | . . . Cargo Convoy Interrupts . | . . . Stealth | -11 -10 -10 --------- Run | Yrd Mat Sub Distress Signals 2 | . 2 . Communications Jammed . | . . . Distress Signals . | . . . Times Spotted 42 | . 28 14 Peak Tracking Total 6 | . 5 6 Tactical Retreats 5 | . 4 1 Traps | -11 -10 -10 ------- Run | Yrd Mat Sub Traps Triggered 6 | . 4 2 Indirectly . | . . . Trap Hack Attempts . | . . . Triggered . | . . . Disarmed . | . . . Reprogrammed . | . . . Reused . | . . . Traps Extracted . | . . . Installed . | . . . Triggered . | . . . Machines | -11 -10 -10 ---------- Run | Yrd Mat Sub Machines Disabled 4 | . . 4 Max in Single Turn 3 | . . 3 Machines Repaired . | . . . Machines Dismantled . | . . . Machines Sabotaged . | . . . Overloaded Fab Kills . | . . . Hacking | -11 -10 -10 --------- Run | Yrd Mat Sub Machines Accessed 8 | . 6 2 Terminals 6 | . 6 . Fabricators . | . . . Repair Stations . | . . . Recycling Units . | . . . Scanalyzers . | . . . Garrison Access . | . . . Total Hacks 28 | . 23 5 Successful 18 | . 13 5 Failed 10 | . 10 . Catastrophic . | . . . Database Lockouts . | . . . Manual 20 | . 20 . Terminals 23 | . 23 . Fabricators . | . . . Repair Stations . | . . . Recycling Units . | . . . Scanalyzers . | . . . Garrison Access . | . . . Terminal Hacks 11 | . 6 5 Record 4 | . . 4 Robot Analysis 2 | . 2 . Open Door 1 | . . 1 Branch Access Points 1 | . 1 . Terminal Index 1 | . 1 . Hauler Manifests 1 | . 1 . Zone Layout 1 | . 1 . Fabricator Hacks . | . . . Repair Station Hacks . | . . . Recycling Unit Hacks . | . . . Scanalyzer . | . . . Garrison Access Hacks . | . . . Unauthorized Hacks 7 | . 7 . Terminals 7 | . 7 . Botnet 2 | . 2 . Skim 5 | . 5 . Fabricators . | . . . Repair Stations . | . . . Recycling Units . | . . . Scanalyzers . | . . . Garrison Access . | . . . Data Cores Recovered . | . . . Used . | . . . Hacking Detections 5 | . 5 . Full Trace Events . | . . . Feedback Events . | . . . Feedback Blocked . | . . . Robot Schematics Acquired . | . . . Robots Built . | . . . Authchips . | . . . Time . | . . . Total Robot Build Rating . | . . . Part Schematics Acquired . | . . . Parts Built . | . . . Authchips . | . . . Time . | . . . Total Part Build Rating . | . . . Parts Repaired . | . . . Time . | . . . Parts Recycled . | . . . Recycled Matter . | . . . Retrieved Matter . | . . . Retrieved Components . | . . . Parts Scanalyzed . | . . . Part Schematics Acquired . | . . . Parts Damaged . | . . . Bothacking | -11 -10 -10 ------------ Run | Yrd Mat Sub Used RIF Installer . | . . . Robots Hacked . | . . . Non-combat . | . . . Combat . | . . . Robot Hacks Applied . | . . . Relay Couplers Released . | . . . Fabnet Peak Effective % . | . . . Robots Rewired . | . . . Allies Hacked . | . . . Hacks Repelled . | . . . Allies | -11 -10 -10 -------- Run | Yrd Mat Sub Total Allies . | . . . Largest Group . | . . . Highest-Rated Group . | . . . Highest-Rated Ally . | . . . Total Orders . | . . . Ally Attacks . | . . . Total Damage . | . . . Kills . | . . . Allies Corrupted . | . . . Allies Melted . | . . . Intel | -11 -10 -10 ------- Run | Yrd Mat Sub Robot Analysis Total 2 | . 2 . Derelict Logs Recovered 1 | . . 1 Drone Launches . | . . . Drone Recoveries . | . . . Exploration | -11 -10 -10 ------------- Run | Yrd Mat Sub Turns Passed 4211 | 129 1346 2736 Spaces Moved 2521 | 89 743 1689 Core 6 | 6 . . Treads 1 | . 1 . Legs . | . . . Wheels 2514 | 83 742 1689 Hover . | . . . Flight . | . . . Fastest Speed 50 | 50 100 135 Average Speed 138 | 96 150 135 Slowest Speed 480 | 100 480 150 Overloaded Moves . | . . . Propulsion Burnouts . | . . . Robots Hopped . | . . . Cave-ins Triggered . | . . . Exploration Rate (%) 56 | 4 91 74 Regions Visited 2 Branch Regions 1 Pre-discovered Areas . | . . . Known Exits Taken . | . . . Unknown Exits Taken 2 | 1 1 . Scrap Searched 4 | . . 4 Spaces Dug 2 | . 1 1 Terrain Destroyed 44 | . 1 43 Melee . | . . . Projectile 4 | . 1 3 AOE 40 | . . 40 Terrain Rammed . | . . . Walls Destroyed . | . . . Machines Disabled . | . . . Actions | -11 -10 -10 --------- Run | Yrd Mat Sub Total 2945 | 112 879 1954 Wait 154 | . 41 113 Move 2519 | 88 742 1689 Hop . | . . . Pick Up 51 | 8 24 19 Fast Attach 14 | 7 4 3 Attach 10 | . 1 9 Detach 2 | . 1 1 Swap 43 | 1 11 31 Drop 24 | . 11 13 Fire 127 | 8 44 75 Melee . | . . . Ram . | . . . Kick . | . . . Crush . | . . . Escape Stasis . | . . . Rewire 1 | . . 1 Trap . | . . . Miscellaneous . | . . . Route ------- -11/Scrapyard -10/Materials (discovered 5 exits: [*Mat x3] / *Min / *Sub) -10/Subcaves (discovered 3 exits: [*Mat x2] / [*Rec]) History --------- Turn | Location | Event 29 | -11/Scrapyard | Discovered new exit (range 16) 130 | -11/Scrapyard | Entered Materials 281 | -10/Materials | Discovered new exit (range 16) 329 | -10/Materials | Build established: Mutant 345 | -10/Materials | Discovered new exit (range 6) 495 | -10/Materials | Discovered new exit (range 13) 898 | -10/Materials | Discovered new exit (range 16) 1220 | -10/Materials | Identified exit to Mines 1384 | -10/Materials | Loaded intel: 15 trap records 1455 | -10/Materials | Learned Storage trap positions 1467 | -10/Materials | Discovered new exit (range 7) 1476 | -10/Materials | Entered Subcaves 1564 | -10/Subcaves | Shifting Twisted Machinery released Sub. Monowheel 1587 | -10/Subcaves | Shifting Twisted Machinery released Battle Cannon 1866 | -10/Subcaves | Visited Clippyterm 1870 | -10/Subcaves | Learned Factory trap positions 1870 | -10/Subcaves | Learned Research security intel 1874 | -10/Subcaves | Discovered new exit (range 14) 1932 | -10/Subcaves | Learned Materials security intel 2602 | -10/Subcaves | Discovered new exit (range 4) 2909 | -10/Subcaves | Core integrity fell below 50% 2968 | -10/Subcaves | Lost 6 parts (1p3u2w) 3310 | -10/Subcaves | Shifting Twisted Machinery released Barrage Gun 3595 | -10/Subcaves | Shifting Twisted Machinery released Riot Gun 3601 | -10/Subcaves | Shifting Twisted Machinery released Sub. Beam Cannon 3715 | -10/Subcaves | Disturbed a concealed Subdweller 3788 | -10/Subcaves | Core integrity fell below 20% 3808 | -10/Subcaves | Discovered new exit (range 15) 3994 | -10/Subcaves | Shifting Twisted Machinery released Sub. Shrapnel Launcher 4212 | -10/Subcaves | Destroyed by 2E-EB4(R) with Subdweller Laser Last Messages --------------- 03751_ Acquired Battle Rifle. 03790_ S-10 Pest destroyed. 03794_ 4C-2PV(R): "HIDIE!" 03794_ Lgt. Assault Rifle fries itself beyond repair. 03799_ Subatomizers dissect the Arm. Wheel, destroying it. 03808_ EXIT=FOUND 03810_ Autobeam Turret destroyed. 03814_ Destroyed Scrap Shield. 03814_ 4C-2PV(R) destroyed. 03821_ The unstable cave ceiling collapses. 03847_ Acquired 10 matter. 03979_ Acquired 56 matter. Sub. Shrapnel Launcher falls loose from the Twisted Machinery. 04004_ Dropped Scrap Shield Fragment. 04011_ Acquired Sub. Shrapnel Launcher. 04046_ Acquired 6 matter. 04056_ Acquired 18 matter. 04104_ Triggered Shrapnel Trap. 04104_ An expanding cloud of shrapnel blasts out in all directions. 04104_ Seismic Detector destroyed. Map ----- +----------------------------------------------------+ | ?# #?????# ### ?????????????????? | | ?# ##????## ##? ?????????????????? | | ?## ##??###### ##?? ?????????????????? | | ?## #### #??## ##?# ?????????????????? | | ##" """## #???# #?# ?????????? ??? | | " """"""" #??## #??# ##??????? ??? | | " """ #??# ##??# ##???? ?? | | #" """ #?## ###?# #??? ?? | | #" ####"## ###" #### ### ??? | | #" #??#######"" ### #?????? | | #" #???????#"""" ### ## #??????????? | | #" ##??????#" ""##?## ##??????????? | | #" ######### """"#???# #???????????? | | " ### """"#??## ## #???????????? | | """"""### &%### #???????????? | | " ## " """""" & ## #???????????? | | "####"" #"" ## ###?##???????????? | | ##??#""" ######### ### #????????????????? | | ##???#"" #???????# #?# #????????????????? | | #????#" #??????## #?# ##????????????????? | | ###??# ####???## ### ##?????????????????? | | ##?# ####""#??## ###??????????????????? | | #?##### "#### ##????????????????????? | | #???## "" #?????????????????????? | | ##?### ##?????????????????????? | | #### & R @ #?????????????????????? | | ## ## #### #?????????????????????? | | ### ### #??# ########??????????????? | | ##?#### #?## ##?## # #??????????????? | | #?????## #?####??# # #??????????????? | | ??????# #??????# ##?????????????? | | ??????### #??????# # #######???????? | | #???????## #??????# #???????? | | #????????## ##??????# # #??????? | | ?????????## #?????### # #??????? | | ??????????####????## ####?? ##??????? | | ???????????????#### #?#????????????? | | ??????#??????## ## ##### ????????????? | | ??????? ?????# ### ### ##???# ?????????? | | ???????# ???## ##?###### #????# ??????????? | | ???? ?????# ??# #????# ######## ???????????? | | ??? #### ?# ###???? #### #??????????? | | ?? ### ####### ## ##?????????? | | ???# ## # ###""" ##????????? | | ????????## """""" #????????? | | ????????### " ""##? #????????? | | ?????????## "#"" ###??# ##???????? | | ?????????### ^ ###""" #####"" #???????? | | ?????????#### ###""""" "" #???????? | | ??????????### ### """" ## #???????? | +----------------------------------------------------+ Best States ------------- Heat Dissipation 35 Coolant Potential 50 Energy Generation 10 Energy Capacity 250 Matter Stores 300 Matter Capacity 300 Sight Range 16 Terrain Scan Range 16 Terrain Scan Density 10 Armor Coverage 225 Evasion (%) 40 Recoil Reduction 1 Item Schematics ----------------- None Robot Schematics ------------------ None Fabricated ------------ Nothing Alien Tech Used ----------------- None Achievements -------------- None Challenges ------------ None Game ------ Seed TowerExpertTerminator Manual? 0 Play Time 00:33:48 Cumulative 185.8 hours Start 2024.11.25 @ 21:06:11 End 2024.11.25 @ 21:35:15 Sessions 1 Manual Loads 0 Difficulty Rogue Special Mode None Game No. 66 Rogue 65 Adventurer 1 Explorer 0 Win Type - Total 4 Types 4/0/0/0/0/0/0/0/0 Lore% 53 Gallery% 65 Achievement% 53 Wizard Run 0 Options --------- Layout 0 ASCII 1 Keyboard 1 Movement Vi Keybinds 0 Fullscreen 2 Font 36/Terminus++ Map View 76x50 Zoom Use 0% Tactical HUD 1 Map Filters NONE Filters NONE Steam 1 RUN: c3a6d127-87a5-4da1-81dc-04791f2b360e